 Dungeon Crawl Stone Soup version 0.13-a0-1606-g53bcbbc (webtiles) character file.

243 Morinden the Skirmisher (level 5, -10/42 HPs)
             Began as a Human Fighter on June 14, 2013.
             Killed by divine providence
             ... invoked by an orc priest
              (13 damage)
             ... on Level 3 of the Dungeon.
             The game lasted 00:26:11 (2663 turns).

Morinden the Skirmisher (Human Fighter)             Turns: 2663, Time: 00:26:11

HP -10/42        AC 13     Str 18      XL: 5   Next: 33%
MP   4/4         EV  2     Int  8      God:
Gold 115         SH 18     Dex 12      Spells:  0 memorised,  4 levels left

Res.Fire  : . . .   See Invis. : .   a - +0 short sword
Res.Cold  : . . .   Warding    : .   r - +0 plate armour
Life Prot.: . . .   Conserve   : .   c - +0 shield
Res.Poison: .       Res.Corr.  : .   (no helmet)
Res.Elec. : .       Clarity    : .   y - +0 orc cloak
Sust.Abil.: . .     Spirit.Shd : .   (no gloves)
Res.Mut.  : .       Stasis     : .   n - +0 pair of boots
Res.Rott. : .       Flight     : .   (no amulet)
Saprovore : . . .                    (no ring)
                                     (no ring)

@: slightly resistant to hostile enchantments, extremely unstealthy
A: no striking features
a: no special abilities


You were on level 3 of the Dungeon.
You were not hungry.

You visited 1 branch of the dungeon, and saw 4 of its levels.

You collected 95 gold pieces.

Inventory:

Hand weapons
 a - a +0,+0 short sword (weapon)
 g - a +2,+2 sling
 j - a +0,+0 short sword
Missiles
 f - 6 javelins (quivered)
 h - 34 stones
 l - 43 darts
 o - 12 poisoned needles
 B - 42 sling bullets
Armour
 c - a +0 shield (worn)
 n - a +0 pair of boots (worn)
 r - a +0 plate armour (worn)
 y - a +0 orcish cloak (worn)
Comestibles
 d - 2 bread rations
 k - a lemon
 q - an apple
Scrolls
 b - 3 scrolls of identify {unknown}
 e - 2 scrolls of fear {unknown}
 i - 4 scrolls of teleportation {unknown}
 m - a scroll of enchant weapon I {unknown}
 t - a scroll of curse armour {unknown}
 z - 2 scrolls of random uselessness {unknown}
 C - 2 scrolls of remove curse
 D - a scroll of enchant armour {unknown}
 E - a scroll of blinking
Potions
 s - a potion of might {unknown}
 u - a potion of invisibility
 v - a potion of flight {unknown}
 w - a potion of heal wounds
 A - 2 potions of curing {unknown}


   Skills:
 * Level 4.4 Fighting
 + Level 3.1 Short Blades
 - Level 0.2 Slings
 + Level 3.6 Armour
 - Level 0.4 Dodging
 - Level 0.2 Stealth
 - Level 3.0 Shields
 - Level 0.2 Traps


You had 4 spell levels left.
You didn't know any spells.

Dungeon Overview and Level Annotations

Branches:
Dungeon (4/27)
 Temple: D:4-7

Altars:


Message History

You hit the orc priest but do no damage.
The orc priest is heavily wounded.
The orc priest hits you but does no damage.
Your plate armour prevents you from hitting the orc priest.
The orc priest is heavily wounded.
The orc priest utters an invocation to Beogh.
You feel troubled.
You hit the orc priest.
The orc priest is severely wounded.
The orc priest becomes somewhat translucent.
You completely miss the orc priest.
The orc priest is severely wounded.
The orc priest mumbles some strange prayers to Beogh against you.
Something smites you!
* * * LOW HITPOINT WARNING * * *
Your shield and plate armour prevent you from hitting the orc priest.
The orc priest is severely wounded.
The orc priest calls down the wrath of Beogh upon you.
Something smites you!
You die...

# ########## #)..).....
#)######## ############
#.######## ####.......%..#
#.#....... ####.......#####o#
#.#.###### .....##.##.# #@#
#.#.##....
#######.##.#####.#######.#.##.###
#.##....................#
#.##.#####.#.#######.#### #.##.#
#.#.# #o### #.##.# #.#)# #.#o.#
#.##.## #.#.# ##.#.# #.#...#
#.#.# ###o## #######.....# #.#.#
##...##


You could see an orc priest.

Vanquished Creatures
  An orc priest (D:3)
  A worker ant (D:3)
  3 adders
  3 orcs (D:3)
  2 ball pythons
  8 goblins
  6 hobgoblins
  2 jackals (D:1)
  10 kobolds
  2 quokkas (D:2)
  3 bats
  3 giant cockroaches
  4 giant newts
  5 rats
53 creatures vanquished.

Notes
Turn   | Place    | Note
--------------------------------------------------------------
     0 | D:1      | Morinden, the Human Fighter, began the quest for the Orb.
     0 | D:1      | Reached XP level 1. HP: 18/18 MP: 0/0
   199 | D:2      | Reached XP level 2. HP: 18/24 MP: 1/1
   762 | D:2      | Reached XP level 3. HP: 27/30 MP: 2/2
  1439 | D:4      | Reached XP level 4. HP: 9/36 MP: 3/3
  1866 | D:3      | Reached skill level 4 in Fighting
  2283 | D:3      | Reached XP level 5. HP: 42/42 MP: 4/4
  2663 | D:3      | Killed from afar by an orc priest

Action                   |  1- 3 |  4- 6 || total
-------------------------+-------+-------++-------
Melee: Short sword       |   125 |    71 ||   196
 Fire: Sling             |     4 |     6 ||    10
Throw: Dart              |     8 |       ||     8
       Javelin           |       |     8 ||     8
  Use: Potion            |       |     3 ||     3
       Scroll            |       |     2 ||     2
